 Dungeon Crawl Stone Soup version 0.31-a0-835-g2a3a5bc (webtiles) character file.

Game seed: 4144455410959547944

20443 BarneyGumball the Destroyer (level 12, 0/81 HPs)
             Began as an Octopode Earth Elementalist on Sept 25, 2023.
             Was an Elder of Vehumet.
             Slain by a skyshark (5 damage)
             ... on level 3 of the Lair of Beasts.
             The game lasted 00:55:24 (13644 turns).

BarneyGumball the Destroyer (OpEE)                 Turns: 13644, Time: 00:55:25

Health: 0/81       AC:  1    Str:  7    XL:     12   Next: 79%
Magic:  1/29       EV: 14    Int: 22    God:    Vehumet [****..]
Gold:   299        SH:  4    Dex:  9    Spells: 2/22 levels left

rFire   . . .        h - +10 trident of Ignis's Wrath {protect, Fly rC+ Will+ Dex-4}
rCold   + . .        L - +0 buckler
rNeg    + . .        (helmet restricted)
rPois   +            o - amulet of magic regeneration
rElec   .            j - ring of wizardry
rCorr   .            D - ring of poison resistance
SInv    +            E - ring of see invisible
Will    +....        F - ring of positive energy
Stlth   +++          N - ring of magical power
HPRegen 0.33/turn    (no ring)
MPRegen 0.61/turn    (no ring)
                     (no ring)

%: wizardry (x1)
@: flying
A: almost no armour, amphibious, 8 rings, camouflage 1, gelatinous body 1,
(nimble swimmer 1), tentacles
a: Renounce Religion


You were on level 3 of the Lair of Beasts.
You worshipped Vehumet.
Vehumet was greatly pleased with you.
You visited 3 branches of the dungeon, and saw 15 of its levels.

You collected 859 gold pieces.
You spent 560 gold pieces at shops.

Inventory:

Hand Weapons
 h - the +10 trident of Ignis's Wrath (weapon) {protect, Fly rC+ Will+ Dex-4}
   (You found it on level 6 of the Dungeon)

   Dex-4:     It affects your dexterity (-4).
   rC+:       It protects you from cold.
   Will+:     It increases your willpower.
   Fly:       It grants you flight.
Missiles
 b - 12 poisoned darts (quivered)
 m - 2 throwing nets
 H - 3 curare-tipped darts
Armour
 L - a +0 buckler (worn)
Jewellery
 j - a ring of wizardry (left tentacle)
 o - an amulet of magic regeneration (around mantle)
 B - an amulet of reflection
 D - a ring of poison resistance (right tentacle)
 E - a ring of see invisible (on tentacle)
 F - a ring of positive energy (on tentacle)
 N - a ring of magical power (on tentacle)
Wands
 g - a wand of digging (3)
 p - a wand of paralysis (10)
 u - a wand of mindburst (19)
 v - a wand of flame (16)
 I - a wand of roots (3)
Scrolls
 f - a scroll of torment
 i - 3 scrolls of teleportation
 n - a scroll of noise
 r - 2 scrolls of amnesia
 y - 3 scrolls of fear
 z - 2 scrolls of poison
 A - 3 scrolls of vulnerability
 J - a scroll of immolation {unknown}
 K - a scroll of revelation {unknown}
 O - a scroll of blinking {unknown}
Potions
 a - 2 potions of magic
 c - 6 potions of enlightenment
 d - a potion of lignification
 e - a potion of heal wounds
 k - a potion of resistance
 l - a potion of attraction
 q - 6 potions of curing
 s - a potion of cancellation {unknown}
 t - 2 potions of invisibility
 w - 2 potions of haste
 x - 2 potions of might
 C - a potion of ambrosia {unknown}
 G - 2 potions of mutation


   Skills:
 + Level 7.0 Fighting
 - Level 6.0 Polearms
 + Level 7.0 Dodging
 - Level 4.0 Stealth
 - Level 4.0 Shields
 + Level 5.9 Spellcasting
 - Level 12.0 Conjurations
 - Level 3.0 Hexes
 - Level 2.7 Translocations
 - Level 1.0 Transmutations
 - Level 3.0 Ice Magic
 - Level 8.0 Earth Magic
 - Level 3.0 Poison Magic
 - Level 4.0 Evocations


You had 2 spell levels left.
You knew the following spells:

 Your Spells              Type           Power      Damage    Failure   Level
a - Sandblast             Erth           82%        2d17      1%          1
b - Passwall              Tmut/Erth      21%        N/A       1%          2
c - Stone Arrow           Conj/Erth      100%       3d13      1%          3
d - Blink                 Tloc           36%        N/A       2%          2
e - Lee's Rapid Deconstr  Erth           20%        3d12*     1%          5
f - Frozen Ramparts       Ice            38%        1d6       1%          3
g - Olgreb's Toxic Radia  Pois           19%        N/A       4%          4

Your spell library contained the following spells:

 Spells                   Type           Power      Damage    Failure   Level
 Magic Dart               Conj           100%       1d8       1%          1
 Momentum Strike          Conj/Tloc      76%        3d10      1%          2
 Searing Ray              Conj           100%       2d8       1%          2
 Lesser Beckoning         Tloc           36%        N/A       2%          2
 Necrotise                Necr           24%        1d5       6%          1
 Brom's Barrelling Bould  Conj/Erth      50%        2d7       1%          4
 Fulminant Prism          Conj/Hex       19%        3d10      1%          4
 Gell's Gravitas          Tloc           18%        N/A       6%          3
 Teleport Other           Tloc           18%        N/A       6%          3
 Petrify                  Tmut/Erth      26%        N/A       9%          4
 Vampiric Draining        Necr           6%         2d6       17%         3
 Metabolic Englaciation   Hex/Ice        9%         N/A       41%         5
 Summon Lightning Spire   Summ/Air       6%         N/A       47%         4
 Agony                    Necr           6%         N/A       82%         5
 Dispersal                Tloc           9%         N/A       94%         6
 Malign Gateway           Summ/Tloc      6%         N/A       100%        7
 Summon Horrible Things   Summ           3%         N/A       100%        8
 Animate Armour           Summ/Erth      Unusable   N/A       N/A         4

Dungeon Overview and Level Annotations

Branches:
Dungeon (11/15)            Temple (1/1) D:6            Lair (3/5) D:9
 Shoals (0/4) Lair:2       Spider (0/4) Lair:2
    Orc: D:9-12

Altars:
Ashenzari
Cheibriados
Dithmenos
Elyvilon
Fedhas
Gozag
Hepliaklqana
Kikubaaqudgha
Makhleb
Nemelex Xobeh
Qazlal
Ru
Sif Muna
Trog
Uskayaw
Vehumet
Wu Jian
Xom
Yredelemnul
The Shining One

Shops:
D:6 :   D:7 *   D:8 =

Annotations:
D:3 2 runed translucent doors, exclusion: 2 doors
D:4 Grinder
Lair:2 3 runed translucent doors, exclusion: 3 doors, BarneyGumball's ghost, journeyman DsCj


Innate Abilities, Weirdness & Mutations

You cannot wear most types of armour.
You are amphibious.
You can wear up to eight rings at the same time.
Your skin changes colour to match your surroundings (Stealth+).
Your rubbery body absorbs attacks. (AC +1, EV +1)
((You are camouflaged when in or above water. (Stealth+)))
You have tentacles for arms and can constrict up to eight enemies at once.


Message History

You kill the elephant!
Vehumet accepts your kill.
You feel your power returning.
Your Fighting skill increases to level 7!
Your Dodging skill increases to level 7!
Casting: Stone Arrow (safe; 1% risk of failure)
Confirm with . or Enter, or press ? or * to list all spells.
Casting: Frozen Ramparts (safe; 1% risk of failure)
Press: ? - help, Dir - look around, f - activate The walls around you are covered in ice.
The wall freezes the elephant.
The elephant tramples you!
You are shoved backwards!
The frozen ramparts melt away as you move.
Casting: Frozen Ramparts (safe; 1% risk of failure)
Confirm with . or Enter, or press ? or * to list all spells.
Aiming: Stone Arrow (safe; 1% risk of failure)
Press: ? - help, Shift-Dir - straight line, f - skyshark
Aim: a skyshark (severely wounded, very poisoned, slow, 84% to hit)
The stone arrow hits the skyshark!
The skyshark is almost dead.
The skyshark is no longer moving slowly.
The elephant tramples you but does no damage.
The elephant barely misses you.
The skyshark bites you but does no damage.
The skyshark tail-slaps you. The skyshark tail-slaps you!
* * * LOW HITPOINT WARNING * * *
You feel much better. The elephant tramples you!
You are shoved backwards!
Casting: Stone Arrow (safe; 1% risk of failure)
Confirm with . or Enter, or press ? or * to list all spells.
Aiming: Stone Arrow (safe; 1% risk of failure)
Press: ? - help, Shift-Dir - straight line, f/p - skyshark
Aim: a skyshark (almost dead, very poisoned, 84% to hit)
The stone arrow misses the skyshark.
The elephant tramples you!
* * * LOW HITPOINT WARNING * * *
You hold your ground!
The elephant trunk-slaps you.
* * * LOW HITPOINT WARNING * * *
The skyshark closely misses you. The skyshark tail-slaps you!
* * * LOW HITPOINT WARNING * * *
The skyshark tail-slaps you.
You die...

## .##. ...### ...).
## #### #...
###.##..# ##.#
........#######..# #
...........#@Y..†#.#
#.........l....# #
#P.....P##.###.#
#.#^.....##### ..#
###......## ....
#........# .....
....##...## ....$..
..## ###..# #......
. ##..# ##....


You could see a skyshark (very poisoned) and an elephant (very poisoned).

Vanquished Creatures
  Erolcha (D:9)
  A two-headed ogre (D:9)
  3 skeletal warriors (D:9)
  A merfolk siren (Lair:2)
  3 elephants (Lair:3)
  4 cane toads
  3 komodo dragons
  2 trolls
  A tengu conjurer (D:11)
  2 polar bears
  3 hornets
  12 blink frogs
  A vampire (D:8)
  Sigmund (D:5)
  3 wyverns
  2 wraiths (D:11)
  24 yaks
  5 steam dragons
  Edmund (D:4)
  Menkaure (D:6)
  An acid dragon (D:10)
  5 water moccasins
  Duvessa (D:5)
  A sky beast (D:7)
  2 black bears
  5 orc warriors
  2 ice beasts (D:6)
  A centaur (D:10)
  4 ogres
  11 bullfrogs
  2 scorpions (D:5)
  3 gnoll sergeants
  9 wights
  Dowan (D:5)
  4 killer bees (D:10)
  7 howler monkeys
  4 hounds
  7 orc priests
  2 gnoll boudas
  A sleepcap (D:5)
  2 iguanas
  Ijyb (D:5)
  9 orc wizards
  21 gnolls
  6 adders
  3 white imps
  2 ufetubi (D:5)
  2 worms
  A dart slug (D:2)
  22 orcs
  7 ball pythons
  2 endoplasms (D:1)
  6 giant cockroaches
  8 goblins
  6 hobgoblins
  11 kobolds
  3 quokkas
  5 bats
  2 frilled lizards
  8 rats
274 creatures vanquished.

Notes
Turn   | Place    | Note
-------+----------+-------------------------------------------
     0 | D:1      | BarneyGumball the Octopode Earth Elementalist began the
                  | quest for the Orb.
     0 | D:1      | Reached XP level 1. HP: 11/11 MP: 3/3
   149 | D:1      | Reached skill level 1 in Conjurations
   149 | D:1      | Reached XP level 2. HP: 17/17 MP: 3/5
  1030 | D:1      | Reached XP level 3. HP: 21/21 MP: 4/6
  1317 | D:2      | Reached skill level 2 in Conjurations
  1564 | D:2      | Learned a level 3 spell: Stone Arrow
  1567 | D:2      | Learned a level 2 spell: Passwall
  1691 | D:2      | Reached XP level 4. HP: 27/27 MP: 4/7
  1829 | D:3      | Found a bloodstained altar of Trog.
  2316 | D:3      | Found a large runed translucent door.
  2317 | D:3      | Found a large runed translucent door.
  2676 | D:4      | Noticed a black bear
  2707 | D:4      | Noticed an ogre
  2710 | D:4      | Killed an ogre
  2711 | D:4      | Reached skill level 3 in Conjurations
  2711 | D:4      | Reached skill level 1 in Translocations
  2711 | D:4      | Reached XP level 5. HP: 31/31 MP: 2/8
  2803 | D:4      | Noticed Grinder
  2989 | D:4      | Noticed Edmund
  3014 | D:5      | Entered Level 5 of the Dungeon
  3057 | D:5      | Reached XP level 6. HP: 36/36 MP: 0/9
  3060 | D:5      | Learned a level 2 spell: Blink
  3209 | D:5      | Noticed Sigmund
  3216 | D:5      | Reached skill level 5 in Earth Magic
  3354 | D:5      | Noticed Ijyb
  3360 | D:5      | Killed Ijyb
  3361 | D:5      | Reached skill level 4 in Conjurations
  3538 | D:5      | Noticed Duvessa
  3736 | D:6      | Noticed an ice beast
  3741 | D:6      | Killed an ice beast
  3742 | D:6      | Reached skill level 1 in Fighting
  3742 | D:6      | Reached XP level 7. HP: 43/43 MP: 4/10
  3767 | D:5      | Found a snail-covered altar of Cheibriados.
  4025 | D:6      | Reached XP level 8. HP: 51/51 MP: 8/13
  4114 | D:6      | Found Muamiw's Vocational Training.
  4168 | D:6      | Noticed Menkaure
  4173 | D:6      | Killed Menkaure
  4193 | D:6      | Identified the +10 trident of Ignis's Wrath {protect, Fly
                  | rC+ Will+ Dex-4}
  4276 | D:6      | Found a staircase to the Ecumenical Temple.
  4292 | Temple   | Entered the Ecumenical Temple
  4542 | D:7      | Found Qaolosuu's Evil Emporium.
  4633 | D:7      | Found a radiant altar of Vehumet.
  4640 | D:7      | Became a worshipper of Vehumet
  4645 | D:7      | Found a shimmering blue altar of Sif Muna.
  4829 | D:7      | Learned a level 5 spell: Lee's Rapid Deconstruction
  5059 | D:8      | Found Buagab's Jewellery Shop.
  5062 | D:8      | Bought a ring of poison resistance for 280 gold pieces
  5184 | D:8      | Found a stormy altar of Qazlal.
  5376 | D:8      | Reached XP level 9. HP: 58/58 MP: 9/15
  5571 | D:8      | Reached skill level 1 in Polearms
  5973 | D:8      | Found an opulent altar of Gozag.
  6206 | D:8      | Noticed a hornet
  6264 | D:9      | Found a staircase to the Lair.
  6319 | D:9      | Noticed a two-headed ogre
  6328 | D:9      | Killed a two-headed ogre
  6329 | D:9      | Reached skill level 5 in Conjurations
  6382 | D:9      | Reached skill level 1 in Hexes
  6563 | D:9      | Found an ancient bone altar of Kikubaaqudgha.
  6572 | D:9      | Noticed Erolcha
  6582 | D:9      | Killed Erolcha
  6583 | D:9      | Reached skill level 6 in Conjurations
  6583 | D:9      | Reached XP level 10. HP: 63/63 MP: 5/16
  6623 | D:9      | Reached skill level 7 in Conjurations
  6751 | D:9      | Reached skill level 8 in Conjurations
  6755 | D:9      | Reached * piety under Vehumet
  6755 | D:9      | Offered knowledge of Foxfire by Vehumet.
  6923 | D:9      | Noticed a skeletal warrior
  6968 | D:9      | Killed a skeletal warrior
  6969 | D:9      | Reached skill level 9 in Conjurations
  7092 | D:9      | Noticed a skeletal warrior
  7155 | D:9      | Killed a skeletal warrior
  7156 | D:9      | Reached skill level 10 in Conjurations
  7187 | D:9      | Noticed a skeletal warrior
  7216 | D:9      | Killed a skeletal warrior
  7217 | D:9      | Reached XP level 11. HP: 69/69 MP: 12/17
  7361 | D:9      | Reached skill level 11 in Conjurations
  7524 | D:10     | Entered Level 10 of the Dungeon
  7877 | D:10     | Reached ** piety under Vehumet
  8007 | D:10     | Offered knowledge of Shock by Vehumet.
  9202 | D:11     | Reached skill level 1 in Shields
  9534 | D:8      | Reached skill level 12 in Conjurations
  9623 | D:8      | Reached skill level 5 in Polearms
 10059 | D:5      | Killed Sigmund
 10104 | D:5      | Offered knowledge of Static Discharge by Vehumet.
 10162 | D:5      | Noticed Dowan
 10166 | D:5      | Killed Dowan
 10169 | D:5      | Killed Duvessa
 10517 | D:4      | Killed Edmund
 10771 | D:4      | Reached skill level 1 in Ice Magic
 10921 | Lair:1   | Entered Level 1 of the Lair of Beasts
 10965 | Lair:1   | Reached *** piety under Vehumet
 11119 | D:8      | Bought a ring of magical power for 280 gold pieces
 11238 | Lair:1   | Learned a level 3 spell: Frozen Ramparts
 12002 | Lair:2   | Reached XP level 12. HP: 75/75 MP: 18/18
 12003 | Lair:2   | Noticed BarneyGumball's ghost (journeyman DsCj)
 12031 | Lair:2   | Found a runed translucent gate.
 12031 | Lair:2   | Found a runed translucent gate.
 12032 | Lair:2   | Found a runed translucent gate.
 12138 | Lair:2   | Offered knowledge of Olgreb's Toxic Radiance by Vehumet.
 12139 | Lair:2   | Reached skill level 5 in Fighting
 12139 | Lair:2   | Reached skill level 5 in Dodging
 12162 | Lair:2   | Reached skill level 1 in Poison Magic
 12466 | Lair:2   | Found a staircase to the Shoals.
 12884 | Lair:2   | Learned a level 4 spell: Olgreb's Toxic Radiance
 13014 | Lair:2   | Reached skill level 5 in Spellcasting
 13041 | Lair:2   | Found a hole to the Spider Nest.
 13546 | Lair:3   | Reached **** piety under Vehumet
 13628 | Lair:3   | Noticed a skyshark
 13644 | Lair:3   | Slain by a skyshark

Illustrated notes

Levels and vault maps discovered:
D:1:      saegor_arrival_simple_b, layout_basic, serial_aquarium,
          aquarium_bridge_island_small [aquarium_subvault_small_water,
          aquarium_subvault_bridge, aquarium_subvault_window,
          aquarium_subvault_wall, aquarium_subvault_window],
          aquarium_bridge_long_separate [aquarium_subvault_wall,
          aquarium_subvault_window, aquarium_subvault_bridge,
          aquarium_subvault_wall, aquarium_subvault_bridge,
          aquarium_subvault_wall], aquarium_window_fake, aquarium_window_2,
          aquarium_window_1, aquarium_window_2, aquarium_view_2b,
          aquarium_pool_2
D:2:      layout_rooms, dreamdust_wishing_well, amethyst_killhole
D:3:      layout_loops_ring, bloody_trog, jmf_multi_god_temple2,
          lemuel_flame_loot_1
D:4:      layout_loops_ring, uniq_grinder, uniq_edmund
D:5:      layout_rooms, lemuel_round_altar, interstate_on_off, uniq_sigmund,
          uniq_duvessa, uniq_ijyb
D:6:      layout_cave_pools, minmay_temple_entry_offerings,
          minmay_misc_feat_pillars, dreamdust_princess_bridge,
          nicolae_shop_vocational, uniq_menkaure
D:7:      layout_gridville, nicolae_vehumet_radiance,
          nicolae_sif_muna_condensation, nicolae_evil_shop
D:8:      layout_basic, old_standard_altar,
          nicolae_gozag_cash_rules_everything_around_me, serial_shops,
          nicolae_stop_n_shop_2
D:9:      layout_irregular_city, nicolae_kikubaaqudgha_miasma_corner,
          lair_entry_dummy, minmay_between, uniq_erolcha
D:10:     layout_stronghold
D:11:     layout_loops_ring, minmay_misc_feat_rugged
Temple:   hellmonk_temple_forest_ring
Lair:1:   layout_cave_pods, hangedman_lair_unloving_vines
Lair:2:   layout_cave_pods, minmay_shoals_entry_lonely_mermaid,
          spider_nest_entry_web_field, gammafunk_ghost_split, st_stairs_7,
          grunt_megastairs_1
Lair:3:   layout_layer_cave, serial_bayou_lagoon_a

Skill      XL: |  1  2  3  4  5  6  7  8  9 10 11 12 |
---------------+-------------------------------------+-----
Conjurations   | 1 2 3 4 6 10 12 | 12.0
Earth Magic    | 4 5 7 8 |  8.0
Translocations | 1 2 |  2.7
Fighting       | 1 2 4 7 |  7.0
Dodging        | 3 4 7 |  7.0
Spellcasting   | 3 4 5 |  5.9
Polearms       | 4 6 |  6.0
Stealth        | 4 |  4.0
Evocations     | 4 |  4.0
Hexes          | 3 |  3.0
Shields        | 4 |  4.0
Ice Magic      | 3 |  3.0
Poison Magic   | 3 |  3.0
Transmutations | |  1.0

Action                     |  1- 3 |  4- 6 |  7- 9 | 10-12 || total
---------------------------+-------+-------+-------+-------++-------
  Melee: Club              |     2 |       |       |       ||     2
         Constrict         |     3 |     3 |     4 |     3 ||    13
         Short sword       |     8 |       |       |       ||     8
         Tentacles         |     1 |     2 |     7 |     9 ||    19
         Spear             |       |     7 |     9 |       ||    16
         Trident           |       |       |    39 |    48 ||    87
  Throw: Dart              |       |       |     1 |     2 ||     3
   Cast: Sandblast         |    48 |    38 |    26 |    48 ||   160
         Stone Arrow       |       |    19 |    67 |   222 ||   308
         Passwall          |       |     1 |       |       ||     1
         Lee's Rapid Decon |       |       |     3 |    27 ||    30
         Frozen Ramparts   |       |       |       |    18 ||    18
         Olgreb's Toxic Ra |       |       |       |     7 ||     7
    Use: Scroll            |       |     3 |     9 |     8 ||    20
         Potion            |       |     2 |     1 |     1 ||     4
   Stab: Sleeping          |       |       |     1 |       ||     1
 Armour: Skin              |    10 |    16 |    37 |    93 ||   156
  Dodge: Dodged            |    13 |     8 |    39 |    79 ||   139
  Block: Buckler           |       |       |       |    13 ||    13

Table legend: (Time is in decaauts)
 A = Elapsed time spent in this place.
 B = Non-inter-level travel time spent in this place.
 C = Inter-level travel time spent in this place.
 D = Time resting spent in this place.
 E = Time spent auto-exploring this place.
 F = Levels seen in this place.
 G = Mean time per level.
                   A        B        C        D        E       F      G
               +--------+--------+--------+--------+--------+-----+--------+
         Total |  13744 |  12701 |   1043 |   1305 |   8596 |  15 |  916.3 |
       Dungeon |  11062 |  10129 |    933 |   1144 |   6562 |  11 | 1005.6 |
        Temple |      1 |      1 |      0 |      0 |      0 |   1 |    1.0 |
          Lair |   2680 |   2571 |    109 |    161 |   2034 |   3 |  893.3 |
               +--------+--------+--------+--------+--------+-----+--------+

Top non-repeatable levels by time:
     D:8: 1583 daAuts
     D:9: 1420 daAuts
  Lair:2: 1287 daAuts
     D:1: 1280 daAuts
    D:10: 1165 daAuts
     D:5: 1122 daAuts
  Lair:1: 1030 daAuts
     D:4: 895 daAuts
     D:6: 789 daAuts
     D:7: 773 daAuts
     D:3: 740 daAuts
    D:11: 726 daAuts
     D:2: 565 daAuts
  Lair:3: 362 daAuts
  Temple: 1 daAuts
